cohdb
Replays
Latest Replays
All Replays
Popular Replays
Top Player Replays
Match Explorer
How It Works
Community
CoH3 Stats
Reddit
Sign in to upload your games and track your stats! →
Sign in with Steam
Match 42058010
Unlisted
Match 42058010
Overview
Messages
Build Orders
End
Construct Infanterie Kompanie
Selects Mechanized Battlegroup
Kettenkrad Recon Vehicle
Grenadier Squad
Grenadier Squad
Grenadier Squad
Selects Mobile Repair Stations
Grenadier Squad
Construct Panzergrenadier Kompanie
Infanterie Officer Quarters
251 Medium Carrier
Grizzly
CR1ck
Толякриптовалюта
DOGGIE
SHIRO
2087556
Spriggan
NoX
0
0
Comments
sign in to comment!
No comments posted yet!